 Dungeon Crawl Stone Soup version 0.31.0-11-ge490571c62 (webtiles) character file.

Game seed: 5739777059657028778

4394 stipulation the Reanimator (level 10, -3/40 (44) HPs)
             Began as a Vine Stalker Necromancer on Jan 28, 2024.
             Slain by Maurice
             ... wielding a +0 short sword
              (4 damage)
             ... on level 8 of the Dungeon.
             The game lasted 00:17:44 (10759 turns).

stipulation the Reanimator (VSNe)                  Turns: 10759, Time: 00:17:44

HP:   -3/40 (44)    AC:  5    Str: 10    XL:     10   Next: 35%
MP:   0/25          EV: 12    Int: 19    God:
Gold: 0             SH:  0    Dex: 16    Spells: 20/30 levels left

rFire   . . .        y - +5 hand axe
rCold   . . .        (no shield)
rNeg    . . .        a - +0 robe
rPois   .            (no helmet)
rElec   .            d - +0 cloak
rCorr   .            t - +0 pair of gloves
SInv    .            f - +0 pair of boots
Will    +....        (no amulet)
Stlth   ++           (no ring)
HPRegen 1.06/turn    (no ring)
MPRegen 0.19/turn

%: guardian spirit
@: about to teleport, drained
A: fangs 3, regeneration 1, magic shield, antimagic bite, no potion heal 2
a: no special abilities


You were on level 8 of the Dungeon.
You visited 2 branches of the dungeon, and saw 10 of its levels.

You collected 45 gold pieces.
You spent 45 gold pieces at shops.

Inventory:

Hand Weapons
 i - a +0 short sword
 y - a +5 hand axe (weapon)
Missiles
 b - 15 poisoned darts
Armour
 a - a +0 robe (worn)
 d - a +0 cloak (worn)
 f - a +0 pair of boots (worn)
 t - a +0 pair of gloves (worn)
Jewellery
 B - a ring of protection from fire
Wands
 o - a wand of flame (56)
 D - a wand of iceblast (3)
Scrolls
 c - 5 scrolls of teleportation
 e - a scroll of fog {unknown}
 h - a scroll of blinking {unknown}
 k - a scroll of revelation
 q - 2 scrolls of enchant weapon
 r - a scroll of enchant armour {unknown}
 s - a scroll of torment {unknown}
 w - 3 scrolls of vulnerability
 A - a scroll of immolation {unknown}
 G - a scroll of noise {unknown}
Potions
 g - a potion of might {unknown}
 l - a potion of brilliance {unknown}
 m - 3 potions of attraction {unknown}
 n - 4 potions of curing
 u - 2 potions of enlightenment {unknown}
 v - a potion of berserk rage {unknown}
 x - 3 potions of mutation {unknown}
 z - 4 potions of degeneration {unknown}
 C - a potion of ambrosia {unknown}
 E - a potion of resistance {unknown}
 F - a potion of lignification {unknown}


   Skills:
 - Level 1.5 Dodging
 - Level 2.4 Stealth
 + Level 10.7 Spellcasting
 + Level 11.2 Necromancy


You had 20 spell levels left.
You knew the following spells:

 Your Spells              Type           Power      Damage    Failure   Level
a - Necrotise             Necr           100%       1d9       1%          1
b - Vampiric Draining     Necr           52%        2d9       1%          3
c - Animate Dead          Necr           52%        N/A       1%          4
d - Cigotuvi's Dreadful   Necr/Alch/Air  48%        N/A       2%          2

Your spell library contained the following spells:

 Spells                   Type           Power      Damage    Failure   Level
 Sublimation of Blood     Necr           52%        N/A       1%          2
 Curse of Agony           Necr           52%        N/A       1%          5
 Apportation              Tloc           20%        N/A       7%          1
 Sting                    Conj/Alch      40%        1d5       7%          1
 Summon Small Mammal      Summ           40%        N/A       7%          1
 Ozocubu's Armour         Ice            10%        N/A       21%         3
 Ignite Poison            Fire/Alch      10%        N/A       56%         4
 Petrify                  Alch/Erth      10%        N/A       56%         4
 Freezing Cloud           Conj/Ice/Air   5%         6-21      88%         5
 Irradiate                Conj/Alch      5%         3d13      88%         5
 Metabolic Englaciation   Hex/Ice        5%         N/A       88%         5
 Sculpt Simulacrum        Ice/Alch       5%         N/A       100%        6


Dungeon Overview and Level Annotations

Branches:
Dungeon (9/15)             Temple (1/1) D:7
   Lair: D:8-11         Orc: D:9-12

Altars:
Ashenzari
Cheibriados
Dithmenos
Elyvilon
Fedhas
Gozag
Hepliaklqana
Makhleb
Nemelex Xobeh
Okawaru
Qazlal
Ru
Uskayaw
Vehumet
Wu Jian
Xom
Yredelemnul
Zin
The Shining One

Shops:
D:3 [   D:7 *[

Annotations:
D:3 1 runed translucent door, Crazy Yiuf
D:6 Jeremiah
D:8 1 exclusion, Maurice
D:9 Erolcha


Innate Abilities, Weirdness & Mutations

You have razor-sharp teeth.
Your natural rate of healing is unusually fast.
When hurt, damage is shared between your health and your magic reserves.
Your bite disrupts and absorbs the magic of your enemies.
Potions cannot restore your health.


Message History

Aim: Maurice, wielding a +0 short sword, wearing a +2 cloak of stealth and carrying a wand of iceblast You draw life force from Maurice!
Maurice barely misses you. x2
Casting: Vampiric Draining (safe; 1% risk of failure)
Confirm with . or Enter, or press ? or * to list all spells.
Aiming: Vampiric Draining (safe; 1% risk of failure)
Press: ? - help, Shift-Dir - straight line, f/p - Maurice
Aim: Maurice, wielding a +0 short sword, wearing a +2 cloak of stealth and carrying a wand of iceblast (lightly wounded)
You draw life force from Maurice!
Maurice hits you with a +0 short sword.
Maurice steals 417 gold pieces!
You now have 0 gold pieces.
Maurice closely misses you.
Casting: Vampiric Draining (safe; 1% risk of failure)
Confirm with . or Enter, or press ? or * to list all spells.
Aiming: Vampiric Draining (safe; 1% risk of failure)
Press: ? - help, Shift-Dir - straight line, f/p - Maurice
Aim: Maurice, wielding a +0 short sword, wearing a +2 cloak of stealth and carrying a wand of iceblast (moderately wounded)
You draw life force from Maurice!
You feel life coursing into your body. Maurice closely misses you.
Maurice bites you but does no damage.
You barely miss Maurice.
Maurice is moderately wounded.
Maurice hits you with a +0 short sword. Maurice steals your amulet of faith!
Maurice puts on an amulet of faith.
Maurice bites you but does no damage. Maurice barely misses you.
Maurice bites you.
You feel your power leaking away. Maurice drains your magic.
Maurice zaps a wand.
The mass of ice explodes!
The iceblast engulfs you!
Maurice zaps a wand.
The mass of ice explodes!
The iceblast engulfs you!
* * * LOW HITPOINT WARNING * * *
Okay, then.
Aiming: Iceblast
Press: ? - help, Shift-Dir - straight line, f/p - Maurice
Aim: Maurice, wielding a +0 short sword, wearing a +2 cloak of stealth, wearing an amulet of faith and carrying a wand of iceblast (moderately wounded)
The mass of ice explodes!
The iceblast engulfs Maurice!
Maurice is heavily wounded.
Okay, then.
As you read the scroll of teleportation, it crumbles to dust.
You feel strangely unstable. Maurice hits you with a +0 short sword.
* * * LOW HITPOINT WARNING * * *
Maurice steals 5 of your 20 poisoned darts!
Maurice bites you.
You die...

#.###.#...####K>.......##.
#....f..§## ##.......###.
#####.#### ##..f..## #.
###.###### ##...## ##
#...f....# ##'## ##
#.#.####)# #.# ##) #.#..#
#.# #.# ##(# #.##.###f#
##.####.#) #......@.#
##...##.#.# #.#####..#
#....#.#.## #.#
#..######....#.##. #.#
#...).........##.# #.#
#.####.......##.#Z
#.#####.# #...#.### #.#
#.......# #####.# #.#.
######### ##.)..#####.#
#.§)....# ##.


You could see Maurice.

Vanquished Creatures
  A two-headed ogre (D:8)
  A hornet (D:8)
  Sigmund (D:5)
  A wyvern (D:6)
  A steam dragon (D:7)
  A water moccasin (D:7)
  3 black bears
  2 ice beasts
  2 sky beasts
  An ogre (D:6)
  3 centaurs
  A phantom (D:5)
  4 kobold brigands
  5 bullfrogs
  A gnoll sergeant (D:7)
  5 scorpions
  3 wights
  3 killer bees (D:8)
  4 hounds
  An orc priest (D:5)
  A bombardier beetle (D:5)
  3 jellies
  A gnoll bouda (D:8)
  Ijyb (D:3)
  Terence (D:3)
  Natasha (twice) (D:3)
  An iguana (D:7)
  4 orc wizards
  4 gnolls (D:8)
  6 adders
  3 dart slugs
  16 orcs
  4 ball pythons
  6 endoplasms
  3 giant cockroaches
  8 goblins
  5 hobgoblins
  3 jackals (D:4)
  21 kobolds
  3 quokkas
  4 bats
  6 frilled lizards
  4 rats
154 creatures vanquished.

Vanquished Creatures (collateral kills)
  2 killer bees (D:8)
  A jelly (D:6)
  A dart slug (D:1)
  An endoplasm (D:1)
5 creatures vanquished.

Vanquished Creatures (others)
  5 killer bee zombies (D:8)
5 creatures vanquished.

Grand Total: 164 creatures vanquished

Notes
Turn   | Place    | Note
-------+----------+-------------------------------------------
     0 | D:1      | stipulation the Vine Stalker Necromancer began the quest
                  | for the Orb.
     0 | D:1      | Reached XP level 1. HP: 9/9 MP: 4/4
   110 | D:1      | Reached XP level 2. HP: 13/13 MP: 1/6
   681 | D:1      | Reached XP level 3. HP: 16/16 MP: 4/8
  1305 | D:2      | Found a sacrificial altar of Ru.
  1490 | D:3      | Learned a level 3 spell: Vampiric Draining
  1536 | D:3      | Reached XP level 4. HP: 21/21 MP: 6/10
  1620 | D:3      | Noticed Ijyb
  1626 | D:3      | Killed Ijyb
  1719 | D:3      | Noticed Terence
  1955 | D:4      | Reached skill level 5 in Necromancy
  2074 | D:4      | Identified the +3 ring mail of Lucidity {rF+}
  2079 | D:4      | Noticed a scorpion
  2089 | D:4      | Killed a scorpion
  2090 | D:4      | Reached XP level 5. HP: 24/24 MP: 5/12
  2598 | D:4      | Found a snail-covered altar of Cheibriados.
  2636 | D:3      | Found Touroiwn's Armour Shop.
  2639 | D:3      | Bought a +0 pair of gloves for 45 gold pieces
  2668 | D:3      | Found a faded altar of an unknown god.
  2758 | D:3      | Noticed Natasha
  2764 | D:3      | Killed Natasha
  2766 | D:3      | Noticed Natasha
  2782 | D:3      | Killed Natasha
  2783 | D:3      | Reached XP level 6. HP: 12/28 MP: 0/14
  3147 | D:3      | Killed Terence
  3337 | D:3      | Found a runed translucent door.
  3338 | D:3      | Noticed Crazy Yiuf
  3533 | D:5      | Entered Level 5 of the Dungeon
  3542 | D:5      | Reached skill level 6 in Necromancy
  3548 | D:5      | Reached skill level 5 in Spellcasting
  3901 | D:5      | Reached XP level 7. HP: 32/32 MP: 4/16
  4006 | D:5      | Noticed Sigmund
  4013 | D:5      | Killed Sigmund
  4108 | D:5      | Found a white marble altar of Elyvilon.
  4170 | D:5      | Reached skill level 7 in Necromancy
  4454 | D:5      | Gained mutation: You have razor-sharp teeth. [Vine Stalker
                  | growth]
  4454 | D:5      | Reached XP level 8. HP: 33/36 MP: 12/18
  4972 | D:5      | Found a hide-covered altar of Uskayaw.
  5272 | D:6      | Found a basalt altar of Yredelemnul.
  5277 | D:6      | Found a glowing golden altar of the Shining One.
  5304 | D:6      | Noticed an angel
  5514 | D:6      | Noticed Jeremiah
  5715 | D:6      | Reached skill level 8 in Necromancy
  5913 | D:6      | Noticed a wyvern
  5917 | D:6      | Killed a wyvern
  5923 | D:6      | Learned a level 4 spell: Animate Dead
  5926 | D:6      | Learned a level 2 spell: Cigotuvi's Dreadful Rot
  6126 | D:7      | Found Gozag's Platinum Reserve.
  6315 | D:7      | Found an opulent altar of Gozag.
  6404 | D:7      | Reached XP level 9. HP: 39/39 MP: 2/22
  6564 | D:7      | Reached skill level 9 in Necromancy
  6665 | D:7      | Found Zaogos's Armour Boutique.
  6795 | D:7      | Found a staircase to the Ecumenical Temple.
  6812 | Temple   | Entered the Ecumenical Temple
  7769 | D:8      | Reached skill level 10 in Necromancy
  8609 | D:8      | Found an ornate altar of the Wu Jian Council.
  8688 | D:8      | Noticed Maurice
  8820 | D:7      | Reached skill level 10 in Spellcasting
  8939 | D:7      | Reached XP level 10. HP: 34/44 MP: 15/25
 10180 | D:8      | Noticed a two-headed ogre
 10187 | D:8      | Killed a two-headed ogre
 10188 | D:8      | Reached skill level 11 in Necromancy
 10402 | D:9      | Noticed Erolcha
 10406 | D:9      | Paralysed by a hornet for 2 turns
 10495 | D:9      | Noticed a centaur warrior
 10752 | D:8      | Maurice stole 417 gold
 10754 | D:8      | Maurice stole an amulet of faith
 10759 | D:8      | HP: 1/40 [Maurice/+0 short sword (6)]
 10759 | D:8      | Maurice stole 20 poisoned darts
 10759 | D:8      | Slain by Maurice

Illustrated notes

Levels and vault maps discovered:
D:1:      dpeg_arrival_radiant, layout_loops_cross
D:2:      layout_rooms, basic_altar
D:3:      layout_basic, shapermc_ecumenical_altar_ellora, serial_shops, shop,
          minmay_curled_crystal, nicolae_the_louvre, uniq_ijyb, uniq_terence,
          uniq_crazy_yiuf_cottage, uniq_natasha
D:4:      layout_cave_pools, kennysheep_mini_moat
D:5:      layout_basic, lemuel_crystal_altar, kennysheep_mini, uniq_sigmund
D:6:      layout_basic, grunt_temple_overflow_holy_war,
          nicolae_twisty_statue_hallways, uniq_jeremiah
D:7:      minmay_bubble_buster, layout_loops_ring,
          nicolae_gozag_zags_fifth_avenue, minmay_temple_entry_stoned_glass,
          serial_shops, nicolae_shop_gibbet_a_chance
D:8:      minmay_inner_zag, layout_loops_corners, mainiacjoe_overflow_catwalk,
          uniq_maurice
D:9:      layout_cross, mainiacjoe_overflow_cross_hatched,
          ebering_ghost_disaster_area, uniq_erolcha
Temple:   hellmonk_temple_flake

Skill      XL: |  1  2  3  4  5  6  7  8  9 10 |
---------------+-------------------------------+-----
Spellcasting   | 3 4 5 6 8 10 | 10.7
Necromancy     | 5 6 7 8 10 11 | 11.2
Dodging        | |  1.5
Stealth        | |  2.4

Action                     |  1- 3 |  4- 6 |  7- 9 | 10-12 || total
---------------------------+-------+-------+-------+-------++-------
  Melee: Short sword       |       |    13 |       |       ||    13
         Hand axe          |       |    15 |    66 |    20 ||   101
         Bite              |       |     7 |    13 |     9 ||    29
   Cast: Necrotise         |    51 |    92 |   128 |    24 ||   295
         Vampiric Draining |       |     3 |    62 |    14 ||    79
         Animate Dead      |       |       |     1 |       ||     1
         Cigotuvi's Dreadf |       |       |       |     5 ||     5
  Evoke: Wand              |       |       |       |     3 ||     3
    Use: Scroll            |       |     3 |       |     6 ||     9
         Potion            |       |       |     1 |       ||     1
   Stab: Sleeping          |       |       |     1 |     1 ||     2
 Armour: Robe              |     5 |    39 |   141 |    65 ||   250
  Dodge: Dodged            |    12 |    26 |   126 |    35 ||   199
